cohdb
Replays
Latest Replays
All Replays
Popular Replays
Top Player Replays
Match Explorer
How It Works
Community
CoH3 Stats
Reddit
Sign in to upload your games and track your stats! →
Sign in with Steam
Match 45128076
Unlisted
Match 45128076
Overview
Messages
Build Orders
End
Scout Squad
Construct Barracks
Riflemen Squad
Riflemen Squad
Grenade Package
Riflemen Squad
Construct Weapon Support Center
M1919 Machine Gun Team
Construct Medical Station
Engineer Squad
Infantry Support Center
Selects Heavy Weapons
Selects M2HB .50cal Heavy Machine Gun
M1918 Browning Automatic Rifles
WilllTHENOOBz
NEP_wilson_NEP
Demi
2.0
0
0
Comments
sign in to comment!
No comments posted yet!